 Dungeon Crawl Stone Soup version 0.27.1-34-g3ba077fa99 (webtiles) character file.

Game seed: 12007662695038430291

49 cbfl8 the Sneak (level 3, -2/33 HPs)
             Began as a Minotaur Delver on Jan 27, 2022.
             Killed from afar by an orc wizard (5 damage)
             ... with a puff of flame
             ... on level 4 of the Dungeon.
             The game lasted 00:03:09 (1168 turns).

cbfl8 the Sneak (Minotaur Delver)                   Turns: 1168, Time: 00:03:09

Health: -2/33      AC:  3    Str: 17    XL:     3   Next: 53%
Magic:  2/2        EV: 12    Int:  7    God:
Gold:   39         SH:  0    Dex: 11    Spells: 2/2 levels left

rFire    . . .     SeeInvis .   a - +0 hand axe
rCold    . . .     Faith    .   (no shield)
rNeg     . . .     Spirit   .   b - +0 leather armour
rPois    .         Reflect  .   (helmet restricted)
rElec    .         Harm     .   (no cloak)
rCorr    .         Rampage  .   (no gloves)
Will     .....                  (no boots)
Stlth    ++........             (no amulet)
HPRegen  0.11/turn              (no ring)
MPRegen  0.08/turn              (no ring)

@: no status effects
A: horns 2, retaliatory headbutt
a: no special abilities


You were on level 4 of the Dungeon.
You visited 2 branches of the dungeon, and saw 3 of its levels.

You collected 39 gold pieces.

Inventory:

Hand Weapons
 a - a +0 hand axe (weapon)
Armour
 b - a +0 leather armour (worn)
 f - a +0 ring mail
Wands
 g - a wand of digging (3)
Scrolls
 c - a scroll of fog
 d - a scroll of magic mapping
 e - a scroll of fear
 h - a scroll of identify {unknown}
Potions
 i - a potion of cancellation {unknown}


   Skills:
 + Level 4.0 Fighting
 + Level 2.6 Axes
 + Level 1.0 Armour
 + Level 2.3 Dodging
 + Level 4.8 Stealth


You had 2 spell levels left.
You didn't know any spells.
Your spell library was empty.

Dungeon Overview and Level Annotations

Branches:
Dungeon (5/15)             Temple (1/1) D:5

Altars:
Cheibriados
Fedhas
Hepliaklqana
Nemelex Xobeh
Qazlal
Ru
Trog
Uskayaw
Vehumet
Wu Jian
Jiyva


Innate Abilities, Weirdness & Mutations

You have a pair of horns on your head.
You reflexively headbutt those who attack you in melee.


Message History

You hit the orc but do no damage. The orc hits you with a +0 club.
An orc comes into view. It is wielding a +0 flail.
The orc wizard hits you with a +0 dagger.
You closely miss the orc wizard.
The orc wizard is moderately wounded.
You hit the orc but do no damage.
The orc wizard hits you with a +0 dagger.
The orc wizard hits you but does no damage.
You barely miss the orc wizard. Your headbutt misses the orc wizard.
The orc wizard is moderately wounded.
You closely miss the orc. You closely miss the orc.
You closely miss the orc wizard. The orc wizard casts a spell at you.
You are confused.
The orc hits you but does no damage.
You bump into the rock wall.
The orc wizard hits you but does no damage.
The orc hits you with a +0 whip.
You barely miss the orc. You closely miss the orc wizard.
The orc wizard hits you with a +0 dagger.
The orc misses you.
You hit the orc but do no damage. Your headbutt misses the orc.
You miss the orc wizard.
The orc wizard gestures at you while chanting.
The magic dart hits you.
* * * LOW HITPOINT WARNING * * *
The orc hits you with a +0 whip.
* * * LOW HITPOINT WARNING * * *
There are monsters nearby!
You bump into the rock wall.
The orc wizard misses you. The orc hits you but does no damage.
You hit the orc but do no damage. You hit the orc wizard.
The orc wizard hits you but does no damage.
The orc hits you with a +0 whip.
* * * LOW HITPOINT WARNING * * *
You bump into the rock wall.
You feel less confused.
The orc wizard points at you and mumbles some strange words.
The puff of flame hits you.
You die...

#.# #. #.# ###.##
#.# #..... #.#
#..... #†# #.....
#.# #....o #.#
#...oo############>#
#o@............#
################


You could see an orc wizard and 3 orcs.

Vanquished Creatures
  An iguana (D:4)
  A gnoll (D:4)
  A worm (D:4)
  4 orcs (D:4)
  A giant cockroach (D:4)
8 creatures vanquished.

Notes
Turn   | Place    | Note
-------+----------+-------------------------------------------
     0 | D:5      | cbfl8 the Minotaur Delver began the quest for the Orb.
     0 | D:5      | Reached XP level 1. HP: 19/19 MP: 0/0
     6 | D:5      | Noticed a scorpion
    10 | D:5      | Found a staircase to the Ecumenical Temple.
    19 | Temple   | Entered the Ecumenical Temple
   556 | D:4      | Reached XP level 2. HP: 14/27 MP: 1/1
   703 | D:4      | Found a sacrificial altar of Ru.
   768 | D:4      | Reached XP level 3. HP: 7/33 MP: 2/2
  1056 | D:4      | Reached skill level 1 in Armour
  1168 | D:4      | Killed from afar by an orc wizard

Illustrated notes

Levels and vault maps discovered:
D:4:      layout_loops_ring, general_overflow_altar,
          nicolae_overflow_crystal_walls, minitemple
D:5:      layout_basic, nicolae_gozag_zags_fifth_avenue,
          makhleb_heckhound_becter, minmay_temple_entry_tees, serial_glass,
          glass_columns_a, glass_columns_c, glass_columns_b, glass_columns_c,
          feat_on_display, feat_on_display
Temple:   pf_slimified_temple

Skill      XL: |  1  2  3 |
---------------+----------+-----
Fighting       | 4 |  4.0
Armour         | 1 |  1.0
Axes           | |  2.6
Dodging        | |  2.3
Stealth        | |  4.8

Action                   || total
-------------------------++-------
Melee: Hand axe          ||    34
       Headbutt          ||     9
  Use: Potion            ||     1
 Stab: Sleeping          ||     1
Armor: Leather armour    ||     7
Dodge: Dodged            ||    22
